 Dungeon Crawl Stone Soup version 0.13.0-18-g7b03ea5 (webtiles) character file.

1711 Lilouch the Basher (level 8, 0/48 HPs)
             Began as a Gargoyle Fighter on Oct 22, 2013.
             Slain by Stormphoenix's ghost (9 damage)
             ... on Level 6 of the Dungeon.
             The game lasted 00:18:46 (5391 turns).

Lilouch the Basher (Gargoyle Fighter)               Turns: 5391, Time: 00:18:46

HP   0/48        AC 20     Str 21      XL: 8   Next: 81%
MP   7/7         EV  6     Int 10      God:
Gold 217         SH 17     Dex 12      Spells:  0 memorised,  7 levels left

Res.Fire  : . . .   See Invis. : .   B - +1,+2 mace (protect)
Res.Cold  : . . .   Warding    : .   b - +0 scale mail
Life Prot.: + + .   Conserve   : .   c - +0 shield
Res.Poison: +       Res.Corr.  : .   (no helmet)
Res.Elec. : +       Clarity    : .   (no cloak)
Sust.Abil.: . .     Spirit.Shd : .   M - +0 pair of gloves
Res.Mut.  : .       Stasis     : .   F - +0 pair of elf boots (curse)
Res.Rott. : +       Flight     : .   j - amulet of rage
Saprovore : . . .                    o - ring of positive energy
                                     v - +3 ring of dexterity

@: heavily drained, slightly resistant to hostile enchantments, extremely
unstealthy
A: fangs 1, talons 2, life protection 1, electricity resistance, slow metabolism
1, unbreathing, petrification resistance, AC +5
a: Evoke Berserk Rage


You were on level 6 of the Dungeon.
You were near starving.

You visited 1 branch of the dungeon, and saw 6 of its levels.

You collected 197 gold pieces.

Inventory:

Hand weapons
 B - a +1,+2 mace of protection (weapon)
Missiles
 p - 16 poisoned needles
Armour
 b - a +0 scale mail (worn)
 c - a +0 shield (worn)
 F - a cursed +0 pair of elven boots (worn)
 K - a +0 ice dragon hide
 M - a +0 pair of gloves (worn)
Magical devices
 w - a wand of fireball (4)
 C - a wand of random effects (12) {unknown}
 I - a wand of fireball (5)
Comestibles
 d - 6 bread rations
 u - 2 meat rations
Scrolls
 a - a scroll of enchant weapon II {unknown}
 e - 2 scrolls of blinking {unknown}
 h - 4 scrolls of remove curse
 i - 2 scrolls of noise {unknown}
 m - a scroll of fog {unknown}
 q - a scroll of magic mapping {unknown}
 t - 4 scrolls of teleportation
 x - a scroll of recharging
 y - 3 scrolls of amnesia
 A - 5 scrolls of identify
 D - 2 scrolls of curse weapon {unknown}
 G - a scroll of random uselessness {unknown}
 H - a scroll of enchant armour {unknown}
Jewellery
 f - an uncursed amulet of conservation
 j - an amulet of rage (around neck)
 o - a ring of positive energy (right hand)
 v - a +3 ring of dexterity (left hand)
 E - an uncursed ring of protection from cold {unknown}
Potions
 g - a potion of agility {unknown}
 k - a potion of degeneration {unknown}
 l - a potion of restore abilities
 n - a potion of heal wounds {unknown}
 r - a potion of curing {unknown}
 s - 2 potions of might {unknown}


   Skills:
 - Level 3.2(1.8) Fighting
 * Level 9.7(8.0) Maces & Flails
 + Level 7.5(5.9) Armour
 - Level 3.2(1.8) Shields


You had 7 spell levels left.
You didn't know any spells.

Dungeon Overview and Level Annotations

Branches:
Dungeon (6/27)
 Temple: D:4-7          Orc: D:6-11

Altars:
Ashenzari
Elyvilon
Kikubaaqudgha
Makhleb
Nemelex Xobeh

Shops:
D:4 (   D:5 +

Annotations:
D:6 Stormphoenix's ghost, experienced DrWn


Innate Abilities, Weirdness & Mutations

You are resistant to torment.
You are immune to poison.
Your stone body is very resilient (AC +5).
You have very sharp teeth.
You have razor-sharp toenails.
You resist negative energy.
You are resistant to electric shocks.
You have a slow metabolism.
You can survive without breathing.
You are immune to petrification.


Message History

Stormphoenix's ghost breathes negative energy at you.
The blast of negative energy hits you! You partially resist.
You feel drained.
You hit Stormphoenix's ghost but do no damage.
Stormphoenix's ghost is heavily damaged.
Stormphoenix's ghost barely misses you.
You hit Stormphoenix's ghost but do no damage.
Stormphoenix's ghost is heavily damaged.
Stormphoenix's ghost hits you.
* * * LOW HITPOINT WARNING * * *
Stormphoenix's ghost hits you.
* * * LOW HITPOINT WARNING * * *
You closely miss Stormphoenix's ghost.
You bite Stormphoenix's ghost, but do no damage.
Stormphoenix's ghost is heavily damaged.
Stormphoenix's ghost whispers, "Death is liberation."
Stormphoenix's ghost hits you.
* * * LOW HITPOINT WARNING * * *
You can't go down here!
Stormphoenix's ghost hits you!
You die...

.........##
...........##
.............##
..............##
...............##
.....$..........##
................<##
.........%.....p.<#
................@##
................##
...............##
..............##
............##
..........##
........## ....##


You could see Stormphoenix's ghost.

Vanquished Creatures
  Grinder (D:4)
  A necrophage (D:6)
  A phantom (D:6)
  3 ogres
  A centaur (D:5)
  The ghost of 4tharraofdagon the Chopper, a weakling TrBe of Trog (D:5)
  A crimson imp (D:5)
  4 hounds
  2 orc priests
  A quasit (D:6)
  3 orc wizards
  3 worker ants
  A worker ant zombie (D:5)
  7 adders
  4 gnolls (D:2)
  7 worms
  2 giant mites
  An adder skeleton (D:5)
  A giant eyeball (D:5)
  7 giant geckos
  11 orcs
  5 giant cockroaches
  8 goblins
  7 hobgoblins
  2 ball pythons (D:4)
  9 bats
  5 giant newts
  A goblin skeleton (D:4)
  A hobgoblin skeleton (D:4)
  8 jackals
  8 kobolds
  4 quokkas
  A quokka skeleton (D:5)
  6 rats
  A rat zombie (D:6)
129 creatures vanquished.

Notes
Turn   | Place    | Note
--------------------------------------------------------------
     0 | D:1      | Lilouch, the Gargoyle Fighter, began the quest for the Orb.
     0 | D:1      | Reached XP level 1. HP: 14/14 MP: 0/0
   367 | D:1      | Reached XP level 2. HP: 16/19 MP: 1/1
  1068 | D:2      | Found a burning altar of Makhleb.
  1174 | D:2      | Reached XP level 3. HP: 24/24 MP: 2/2
  1386 | D:2      | Reached skill level 4 in Armour
  1397 | D:2      | Reached XP level 4. HP: 26/28 MP: 3/3
  1798 | D:3      | Reached XP level 5. HP: 31/33 MP: 4/4
  1945 | D:3      | Reached skill level 5 in Maces & Flails
  2290 | D:4      | Found a white marble altar of Elyvilon.
  2290 | D:4      | Found an ancient bone altar of Kikubaaqudgha.
  2290 | D:4      | Found a shattered altar of Ashenzari.
  2314 | D:4      | Reached skill level 5 in Armour
  2314 | D:4      | Reached XP level 6. HP: 31/38 MP: 5/5
  2420 | D:4      | Found a sparkling altar of Nemelex Xobeh.
  2467 | D:4      | Noticed an ogre
  2477 | D:4      | Killed an ogre
  2481 | D:4      | Reached skill level 6 in Maces & Flails
  2501 | D:4      | Found Klo Raib's Weapon Shop.
  2761 | D:4      | Noticed Grinder
  2762 | D:4      | Paralysed by Grinder for 5 turns
  2793 | D:4      | Killed Grinder
  2793 | D:4      | Reached skill level 7 in Maces & Flails
  2793 | D:4      | Reached XP level 7. HP: 12/42 MP: 6/6
  3302 | D:5      | Entered Level 5 of the Dungeon
  3302 | D:5      | Found a burning altar of Makhleb.
  3559 | D:5      | Found Moasulu's Book Shoppe.
  3704 | D:5      | Paralysed by a giant eyeball for 4 turns
  3883 | D:5      | Reached skill level 8 in Maces & Flails
  3883 | D:5      | Reached XP level 8. HP: 40/48 MP: 7/7
  3918 | D:5      | Noticed 4tharraofdagon's ghost (weakling TrBe)
  3937 | D:5      | Killed 4tharraofdagon's ghost
  4455 | D:6      | Reached skill level 9 in Maces & Flails
  4544 | D:5      | HP: 2/48 [ogre/giant spiked club (16)]
  4838 | D:6      | Noticed Stormphoenix's ghost (experienced DrWn)
  4866 | D:6      | HP: 2/48 [Stormphoenix's ghost (4)]
  5391 | D:6      | Slain by Stormphoenix's ghost

Action                   |  1- 3 |  4- 6 |  7- 9 || total
-------------------------+-------+-------+-------++-------
Melee: Mace              |    74 |   202 |   338 ||   614
Evoke: Wand              |       |     1 |       ||     1
  Use: Scroll            |       |     8 |       ||     8
